PBL
MILWAUKEE BREWERS @ KANSAS CITY ROYALS
04/29/2071
 
TOP OF THE 1ST
Milwaukee Brewers batting - Pitching for Kansas City Royals : RHP Ronald Coleman
Pitching: RHP Ronald Coleman
Batting: LHB John Brosseau 0-0: Ball
1-0: Ball
2-0: Fly out, F8 (Flyball, 8RXD, EV 106.3 MPH)
Batting: SHB Ray Day 0-0: Ball
1-0: Called Strike
1-1: Swinging Strike
1-2: Ball
2-2: Strikes out looking
Batting: SHB Yang Siu 0-0: Ground out 6-3 (Groundball, 6M, EV 110.0 MPH)
Top of the 1st over - 0 runs, 0 hits, 0 errors, 0 left on base; Milwaukee 0 - Kansas City 0
BOTTOM OF THE 1ST
Kansas City Royals batting - Pitching for Milwaukee Brewers : RHP Dave Jackson
Pitching: RHP Dave Jackson
Batting: LHB Dan Heller 0-0: Ball
1-0: Foul Ball, location: 2F
1-1: Foul Ball, location: 9LSFF
1-2: Ground out 4-3 (Groundball, 4, EV 90.0 MPH)
Batting: RHB David Harris 0-0: Swinging Strike
0-1: Ball
1-1: Ball
2-1: Foul Ball, location: 2F
2-2: SINGLE (Groundball, 4MD, EV 97.5 MPH)
Batting: LHB Sergio Longoria 0-0: Ball
1-0: Ball
2-0: Foul Ball, location: 2F
2-1: Swinging Strike
2-2: Fly out, F9 (Flyball, 9, EV 84.4 MPH)
Batting: RHB Edgardo Pérez 0-0: Hit by Pitch
David Harris to second
Batting: RHB Tamuramaro Maeda 0-0: Called Strike
0-1: Ball
1-1: Called Strike
1-2: Strikes out looking
Bottom of the 1st over - 0 runs, 1 hit, 0 errors, 2 left on base; Milwaukee 0 - Kansas City 0
TOP OF THE 2ND
Milwaukee Brewers batting - Pitching for Kansas City Royals : RHP Ronald Coleman
Batting: LHB Stanley Hawkins 0-0: Swinging Strike
0-1: Ball
1-1: Ball
2-1: Foul Ball, location: 3F
2-2: Ball
3-2: Strikes out looking
Batting: LHB Roberto Rodríguez 0-0: Called Strike
0-1: Ball
1-1: Foul Ball, location: 2RF
1-2: Ball
2-2: Foul Ball, location: 5FF
2-2: Ball
3-2: SINGLE (Groundball, 34D, EV 94.4 MPH)
Batting: LHB Will Day 0-0: Ball
1-0: Grounds into double play, 6-4-3 (Groundball, 6, EV 89.4 MPH)
Top of the 2nd over - 0 runs, 1 hit, 0 errors, 0 left on base; Milwaukee 0 - Kansas City 0
BOTTOM OF THE 2ND
Kansas City Royals batting - Pitching for Milwaukee Brewers : RHP Dave Jackson
Batting: RHB Bert Acheson 0-0: Ball
1-0: Ball
2-0: Ball
3-0: Called Strike
3-1: Foul Ball, location: 2F
3-2: DOUBLE (Flyball, 8RXD, EV 99.4 MPH)
Batting: RHB Andrés Mota 0-0: Ball
1-0: Called Strike
1-1: Bunted foul
1-2: Foul Ball, location: 9LMF
1-2: Ball
2-2: Foul Ball, location: 2F
2-2: Ball
3-2: Foul Ball, location: 9LDF
3-2: Base on Balls
Batting: RHB Neal Martin 0-0: Called Strike
0-1: Foul Ball, location: 2F
0-2: Foul Ball, location: 2F
0-2: Strikes out looking
Batting: RHB Jorge Morán 0-0: Called Strike
0-1: Foul Ball, location: 23F
0-2: Ball
1-2: Ball
2-2: Ball
3-2: Base on Balls
Bert Acheson to third
Andrés Mota to second
Batting: LHB Dan Heller 0-0: Ball
1-0: Ball
2-0: Grounds into double play, 4-6-3 (Groundball, 4, EV 101.3 MPH)
Bottom of the 2nd over - 0 runs, 1 hit, 0 errors, 2 left on base; Milwaukee 0 - Kansas City 0
TOP OF THE 3RD
Milwaukee Brewers batting - Pitching for Kansas City Royals : RHP Ronald Coleman
Batting: RHB Pedro Gómez 0-0: Called Strike
0-1: Ball
1-1: Swinging Strike
1-2: Strikes out looking
Batting: LHB Bradley Irwin 0-0: Ball
1-0: Ball
2-0: Ground out 3-1 (Groundball, 34, EV 100.0 MPH)
Batting: RHB Steve White 0-0: SINGLE (Groundball, 34D, EV 95.6 MPH)
Batting: LHB John Brosseau 0-0: Ball
1-0: Fly out, F7 (Flyball, 7, EV 100.0 MPH)
Top of the 3rd over - 0 runs, 1 hit, 0 errors, 1 left on base; Milwaukee 0 - Kansas City 0
BOTTOM OF THE 3RD
Kansas City Royals batting - Pitching for Milwaukee Brewers : RHP Dave Jackson
Batting: RHB David Harris 0-0: Foul Ball, location: 2F
0-1: Foul Ball, location: 3F
0-2: Strikes out swinging
Batting: LHB Sergio Longoria 0-0: Ground out 4-3 (Groundball, 4M, EV 86.9 MPH)
Batting: RHB Edgardo Pérez 0-0: Hit by Pitch
Batting: RHB Tamuramaro Maeda 0-0: Called Strike
0-1: Ball
1-1: Ball
2-1: Called Strike
2-2: SINGLE (Flyball, 56D, EV 94.4 MPH)
Edgardo Pérez to second
Batting: RHB Bert Acheson 0-0: Ball
1-0: Ground out 4-3 (Groundball, 4, EV 81.9 MPH)
Bottom of the 3rd over - 0 runs, 1 hit, 0 errors, 2 left on base; Milwaukee 0 - Kansas City 0
TOP OF THE 4TH
Milwaukee Brewers batting - Pitching for Kansas City Royals : RHP Ronald Coleman
Batting: SHB Ray Day 0-0: Foul Ball, location: 9LMF
0-1: Swinging Strike
0-2: Ball
1-2: Ball
2-2: Foul Ball, location: 7LSF
2-2: Ball
3-2: Strikes out looking
Batting: SHB Yang Siu 0-0: Swinging Strike
0-1: Fly out, F8 (Flyball, 8LXD, EV 97.5 MPH)
Batting: LHB Stanley Hawkins 0-0: Called Strike
0-1: Called Strike
0-2: Strikes out swinging
Top of the 4th over - 0 runs, 0 hits, 0 errors, 0 left on base; Milwaukee 0 - Kansas City 0
BOTTOM OF THE 4TH
Kansas City Royals batting - Pitching for Milwaukee Brewers : RHP Dave Jackson
Batting: RHB Andrés Mota 0-0: Called Strike
0-1: Ball
1-1: Ball
2-1: SINGLE (Line Drive, 9S, EV 101.3 MPH)
Batting: RHB Neal Martin 0-0: Ball
1-0: Foul Ball, location: 9LMF
1-1: Foul Ball, location: 2F
1-2: Foul Ball, location: 23F
1-2: Ball
2-2: SINGLE (Groundball, 4, EV 79.4 MPH)
Andrés Mota to second
Batting: RHB Jorge Morán 0-0: Foul Ball, location: 9LSF
0-1: Called Strike
0-2: Foul Ball, location: 3SF
0-2: Fly out, F3 (Line Drive, 3, EV 67.5 MPH)
Lined into DP, U3 (Line Drive, 3, EV 67.5 MPH)
Batting: LHB Dan Heller 0-0: Ball
1-0: Called Strike
1-1: Foul Ball, location: 2LF
1-2: SINGLE (Groundball, 2R, EV 71.3 MPH) (infield hit)
Andrés Mota to third
Batting: RHB David Harris 0-0: Ball
1-0: Called Strike
1-1: Foul Ball, location: 9LDF
1-2: Ball
2-2: SINGLE (Groundball, 56D, EV 100.0 MPH)
Andrés Mota scores
Dan Heller to second
Runner from 2nd tries for 3rd, SAFE, no throw by LF
Batting: LHB Sergio Longoria 0-0: Reached on error, E7 (Line Drive, 78S, EV 90.0 MPH)
Dan Heller scores
David Harris to third
Batting: RHB Edgardo Pérez 0-0: Ground out 5-3 (Groundball, 56, EV 85.0 MPH)
Bottom of the 4th over - 2 runs, 4 hits, 1 error, 2 left on base; Milwaukee 0 - Kansas City 2
TOP OF THE 5TH
Milwaukee Brewers batting - Pitching for Kansas City Royals : RHP Ronald Coleman
Batting: LHB Roberto Rodríguez 0-0: Called Strike
0-1: Swinging Strike
0-2: Ball
1-2: Ground out 4-3 (Groundball, 4, EV 82.5 MPH)
Batting: LHB Will Day 0-0: Ball
1-0: Called Strike
1-1: Foul Ball, location: 2F
1-2: Ball
2-2: Ball
3-2: Foul Ball, location: 2F
3-2: Strikes out looking
Batting: RHB Pedro Gómez 0-0: Called Strike
0-1: Ball
1-1: Fly out, F8 (Line Drive, 78M, EV 103.1 MPH)
Top of the 5th over - 0 runs, 0 hits, 0 errors, 0 left on base; Milwaukee 0 - Kansas City 2
BOTTOM OF THE 5TH
Kansas City Royals batting - Pitching for Milwaukee Brewers : RHP Dave Jackson
Batting: RHB Tamuramaro Maeda 0-0: Foul Ball, location: 23FF
0-1: Called Strike
0-2: Ground out 5-3 (Groundball, 56S, EV 86.9 MPH)
Batting: RHB Bert Acheson 0-0: Swinging Strike
0-1: Ball
1-1: Ball
2-1: Ball
3-1: Base on Balls
Batting: RHB Andrés Mota 0-0: Fly out, F8 (Flyball, 78D, EV 93.1 MPH)
Batting: RHB Neal Martin 0-0: Ball
1-0: Ball
2-0: Called Strike
2-1: Fielders Choice at 2nd, 5-4 (Groundball, 5, EV 90.0 MPH)
Bottom of the 5th over - 0 runs, 0 hits, 0 errors, 1 left on base; Milwaukee 0 - Kansas City 2
TOP OF THE 6TH
Milwaukee Brewers batting - Pitching for Kansas City Royals : RHP Ronald Coleman
Batting: LHB Bradley Irwin 0-0: Foul Ball, location: 3F
0-1: Ball
1-1: Ball
2-1: Swinging Strike
2-2: Strikes out looking
Batting: RHB Steve White 0-0: Called Strike
0-1: Foul Ball, location: 9LMF
0-2: Ball
1-2: Foul Ball, location: 2LF
1-2: Ball
2-2: Foul Ball, location: 2F
2-2: Strikes out swinging
Batting: LHB John Brosseau 0-0: Foul Ball, location: 2F
0-1: Called Strike
0-2: Ball
1-2: Strikes out looking
Top of the 6th over - 0 runs, 0 hits, 0 errors, 0 left on base; Milwaukee 0 - Kansas City 2
BOTTOM OF THE 6TH
Kansas City Royals batting - Pitching for Milwaukee Brewers : RHP Dave Jackson
Pitching: RHP Javier Castro
Batting: RHB Jorge Morán 0-0: Ball
1-0: Ground out U3 (Groundball, 34, EV 86.3 MPH)
Batting: LHB Dan Heller 0-0: Called Strike
0-1: Swinging Strike
0-2: Foul Ball, location: 2F
0-2: Ball
1-2: Foul Ball, location: 3SF
1-2: Strikes out swinging
Batting: RHB David Harris 0-0: Called Strike
0-1: Swinging Strike
0-2: Ball
1-2: Ball
2-2: Ball
3-2: Foul Ball, location: 5SF
3-2: SINGLE (Line Drive, 78S, EV 110.0 MPH)
Batting: LHB Sergio Longoria 0-0: Ball
1-0: Foul Ball, location: 9LMF
1-1: Foul Ball, location: 7LMF
1-2: Strikes out swinging
Bottom of the 6th over - 0 runs, 1 hit, 0 errors, 1 left on base; Milwaukee 0 - Kansas City 2
TOP OF THE 7TH
Milwaukee Brewers batting - Pitching for Kansas City Royals : RHP Ronald Coleman
Batting: SHB Ray Day 0-0: Ball
1-0: Foul Ball, location: 2LF
1-1: SINGLE (Groundball, 6MD, EV 108.8 MPH)
Batting: SHB Yang Siu 0-0: Swinging Strike
0-1: Ball
1-1: Foul Ball, location: 7LMF
1-2: Strikes out looking
Batting: LHB Stanley Hawkins 0-0: Called Strike
0-1: Swinging Strike
0-2: Foul Ball, location: 2F
0-2: Strikes out looking
Batting: LHB Roberto Rodríguez 0-0: Called Strike
0-1: Ball
1-1: Swinging Strike
1-2: Strikes out swinging
Top of the 7th over - 0 runs, 1 hit, 0 errors, 1 left on base; Milwaukee 0 - Kansas City 2
BOTTOM OF THE 7TH
Kansas City Royals batting - Pitching for Milwaukee Brewers : RHP Javier Castro
Pitching: RHP Joey Simons
Batting: RHB Edgardo Pérez 0-0: Called Strike
0-1: Swinging Strike
0-2: Foul Ball, location: 3F
0-2: Foul Ball, location: 7LMF
0-2: Strikes out swinging
Batting: RHB Tamuramaro Maeda 0-0: Ball
1-0: Called Strike
1-1: Swinging Strike
1-2: Foul Ball, location: 2F
1-2: Fly out, F5 (Popup, 5SF, EV 71.3 MPH)
Batting: RHB Bert Acheson 0-0: SOLO HOME RUN (Line Drive, 7LD, EV 94.4 MPH), Distance : 344 ft
Batting: RHB Andrés Mota 0-0: Called Strike
0-1: Ball
1-1: Foul Ball, location: 5SF
1-2: Ball
2-2: Strikes out looking
Bottom of the 7th over - 1 run, 1 hit, 0 errors, 0 left on base; Milwaukee 0 - Kansas City 3
TOP OF THE 8TH
Milwaukee Brewers batting - Pitching for Kansas City Royals : RHP Ronald Coleman
Batting: LHB Will Day 0-0: SINGLE (Groundball, 6D, EV 95.0 MPH)
Batting: RHB Pedro Gómez 0-0: Ball
1-0: Called Strike
1-1: Called Strike
1-2: SINGLE (Groundball, 4MD, EV 95.6 MPH)
Will Day to second
Batting: LHB Bradley Irwin 0-0: Called Strike
0-1: Foul Ball, location: 7LSF
0-2: Strikes out swinging
Batting: RHB Steve White 0-0: Called Strike
0-1: Foul Ball, location: 2F
0-2: Fielders Choice at 2nd, 6-4 (Groundball, 6, EV 102.5 MPH)
Will Day to third
Pitching: RHP Thomas García
Batting: LHB John Brosseau 0-0: Ball
1-0: Ground out 4-3 (Groundball, 4, EV 86.3 MPH)
Top of the 8th over - 0 runs, 2 hits, 0 errors, 2 left on base; Milwaukee 0 - Kansas City 3
BOTTOM OF THE 8TH
Kansas City Royals batting - Pitching for Milwaukee Brewers : RHP Joey Simons
Batting: RHB Neal Martin 0-0: Ball
1-0: Ball
2-0: Called Strike
2-1: Ball
3-1: Base on Balls
Batting: RHB Jorge Morán 0-0: Ball
1-0: Ground out 6-3 (Groundball, P, EV 90.6 MPH)
Neal Martin to second
Batting: LHB Dan Heller 0-0: Ball
1-0: Ball
2-0: Called Strike
2-1: Foul Ball, location: 5SF
2-2: SINGLE (Groundball, 15S, EV 64.4 MPH) (infield hit)
Neal Martin to third
Pitching: RHP Orlando Navarro
Batting: RHB David Harris 0-0: Ball
1-0: Ball
2-0: Swinging Strike
2-1: Ball
3-1: Called Strike
3-2: Base on Balls
Dan Heller to second
Batting: LHB Sergio Longoria 0-0: Swinging Strike
0-1: Ball
1-1: Ball
2-1: Swinging Strike
2-2: Strikes out swinging
Batting: RHB Edgardo Pérez 0-0: Ball
1-0: GRAND SLAM HOME RUN (Flyball, 7LD, EV 98.8 MPH), Distance : 374 ft
Batting: RHB Tamuramaro Maeda 0-0: Ball
1-0: Reached on error, E5 (Groundball, 56S, EV 85.6 MPH)
Batting: RHB Bert Acheson 0-0: Called Strike
0-1: Foul Ball, location: 7LSF
0-2: Fly out, F8 (Flyball, 8RXD, EV 105.6 MPH)
Bottom of the 8th over - 4 runs, 2 hits, 1 error, 1 left on base; Milwaukee 0 - Kansas City 7
TOP OF THE 9TH
Milwaukee Brewers batting - Pitching for Kansas City Royals : RHP Thomas García
Batting: SHB Ray Day 0-0: Foul Ball, location: 2F
0-1: Foul Ball, location: 9LMF
0-2: Strikes out looking
Batting: SHB Yang Siu 0-0: Called Strike
0-1: Foul Ball, location: 2F
0-2: Ball
1-2: Foul Ball, location: 3F
1-2: Hit by Pitch
Batting: LHB Stanley Hawkins 0-0: Called Strike
0-1: Ball
1-1: Swinging Strike
1-2: Ball
2-2: Foul Ball, location: 25F
2-2: Foul Ball, location: 2F
2-2: Strikes out looking
Batting: LHB Roberto Rodríguez 0-0: Foul Ball, location: 5SF
0-1: Foul Ball, location: 2F
0-2: Foul Ball, location: 2F
0-2: Foul Ball, location: 23F
0-2: Fly out, F6 (Popup, 6, EV 73.8 MPH)
Top of the 9th over - 0 runs, 0 hits, 0 errors, 1 left on base; Milwaukee 0 - Kansas City 7
Thursday, April 11th , 2024 - OOTP Baseball 24.10 Build 82